 Dungeon Crawl Stone Soup version 0.30-a0-1094-g860fb061e7 (webtiles) character file.

Game seed: 15007121819420111864

43 ders the Magician (level 3, -3/25 HPs)
             Began as a Djinni Conjurer on Apr 17, 2023.
             Slain by a goblin
             ... wielding a +0 club
             ... led by Robin
              (5 damage)
             ... on level 1 of the Dungeon.
             The game lasted 00:01:00 (1364 turns).

ders the Magician (Djinni Conjurer)                 Turns: 1364, Time: 00:01:01

Health: -3/25      AC:  2    Str:  5    XL:     3   Next: 82%
Gold:   30         EV: 12    Int: 25    God:
                   SH:  0    Dex: 10

rFire   + + .      SeeInvis .    (no weapon)
rCold   x . .      Faith    .    (no shield)
rNeg    . . .      Spirit   .    a - +0 robe
rPois   ∞          Reflect  .    (no helmet)
rElec   .          Rampage  .    (no cloak)
rCorr   .                        (no gloves)
Will    .....                    (boots unavailable)
Stlth   ++                       (no amulet)
HPRegen 0.24/turn                (no ring)
MPRegen 0.00/turn                (no ring)

@: flying, very slightly contaminated, invisible
A: sickness immunity, fire resistance 2, cold vulnerability 1, float, innate
caster, HP casting, extra vitality 1, clever 1, wild magic 1
a: no special abilities


You were on level 1 of the Dungeon.
You visited 1 branch of the dungeon, and saw 2 of its levels.

You collected 30 gold pieces.

Inventory:

Armour
 a - a +0 robe (worn)
Jewellery
 c - an amulet of reflection
Scrolls
 b - a scroll of enchant armour {unknown}
 h - a scroll of immolation {unknown}
Potions
 d - a potion of curing {unknown}
 f - a potion of berserk rage {unknown}


   Skills:
 - Level 2.1 Dodging
 - Level 1.5 Stealth
 + Level 4.1 Spellcasting


You knew the following spells:

 Your Spells              Type           Power      Damage    Failure   Level
a - Magic Dart            Conj           100%       1d8       3%          1
b - Searing Ray           Conj           68%        2d6       4%          2
c - Dazzling Flash        Conj/Hex       68%        N/A       8%          3
d - Fulminant Prism       Conj/Hex       17%        3d10      22%         4
e - Iskenderun's Mystic   Conj/Tloc      34%        2d8       22%         4
f - Necrotise             Necr           100%       1d9       3%          1
Your spell library was empty.

Dungeon Overview and Level Annotations

Branches:
Dungeon (2/15)

Altars:

Annotations:
D:2 Robin


Innate Abilities, Weirdness & Mutations

You are immune to sickness and miasma.
You are immune to poison.
Your flesh is very heat resistant. (rF++)
You are vulnerable to cold. (rC-)
You float through the air rather than walking.
You learn spells naturally, not from books.
Your magical power is your life essence.
You have superior vitality. (+4 MHP)
Your mind is acute. (Int +4, Str/Dex -1)
Your spells are a little harder to cast, but a little more powerful.


Message History

Nothing appears to happen.
Robin throws the goblin at you!
The goblin hits you with a +2 vampiric dagger.
The goblin hits you with a +0 club. The hobgoblin hits you.
Casting: Searing Ray (safe; 3% risk of failure)
Confirm with . or Enter, or press ? or * to list all spells.
Aiming: Searing Ray (safe; 3% risk of failure)
Press: ? - help, Shift-Dir - straight line, f/p - goblin
Aim: a goblin, wielding a +2 vampiric dagger (72% to hit)
The searing ray hits the goblin!
You kill the goblin! (Press . to maintain the ray.) Robin throws the goblin at you!
The goblin hits you with a +0 club.
* * * LOW HITPOINT WARNING * * *
Unknown command.
Casting: Searing Ray (safe; 3% risk of failure)
Confirm with . or Enter, or press ? or * to list all spells.
Restarting spell: Searing Ray (safe; 3% risk of failure)
Press: ? - help, Shift-Dir - straight line, f - goblin
Aim: a goblin, wielding a +0 club (72% to hit)
The searing ray hits the goblin.
You kill the goblin! (Press . to maintain the ray.)
* * * LOW HITPOINT WARNING * * *
The goblin misses you. The goblin barely misses you.
Unknown command.
The goblin hits you with a +0 club.
* * * LOW HITPOINT WARNING * * *
Robin roars a battlecry!
The goblins go into a battle-frenzy!
The hobgoblin barely misses you.
You fly upwards.
There is a stone staircase leading down here.
Okay, then.
It was a potion of mutation.
You feel extremely strange.
You feel clever.
You feel less in control of your magic. The goblin misses you. x2
It was a potion of invisibility.
You fade into invisibility!
The goblin misses you. The goblin hits you with a +0 club.
You die...

#####.# #......#######
#.###.###.## ##...## #.#
#### ##### #.# ###.#.
##### #######.###...#.
#...# #...........#...
###...### #.####......#...
#.......###.####........#.
#...#...g@gg.^........#.#.
#.......###.####......####
###...### #.####.......#
####...#####......).....#
#.....[...#######...#####
#.###.#.#.# ##.##
#.###..#..# #.#
#.##.)###.## #.#
####)#####.# ##'##


You could see a hobgoblin (strong, unable to see you) and 2 goblins.

Vanquished Creatures
  4 dart slugs (D:1)
  2 bats (D:1)
  2 endoplasms (D:1)
  6 goblins
  A hobgoblin (D:1)
  4 jackals (D:1)
  A quokka (D:1)
  A ball python (D:1)
  A frilled lizard (D:1)
  6 kobolds (D:1)
  5 rats (D:1)
33 creatures vanquished.

Vanquished Creatures (others)
  11 plants (D:1)
11 creatures vanquished.

Grand Total: 44 creatures vanquished

Notes
Turn   | Place    | Note
-------+----------+-------------------------------------------
     0 | D:1      | ders the Djinni Conjurer began the quest for the Orb.
     0 | D:1      | ders set off with the following spells memorised: Magic
                  | Dart, Searing Ray, Dazzling Flash, Fulminant Prism,
                  | Iskenderun's Mystic Blast.
     0 | D:1      | Reached XP level 1. HP: 15/15 MP: 0/0
   351 | D:1      | Reached XP level 2. HP: 17/21 MP: 0/0
   625 | D:1      | Reached XP level 3. HP: 22/25 MP: 0/0
   625 | D:1      | Learned a level 1 spell: Necrotise
   687 | D:1      | Reached skill level 4 in Spellcasting
  1356 | D:2      | Noticed Robin
  1361 | D:2      | HP: 1/25 [goblin/+0 club[Robin] (4)]
  1363 | D:1      | Gained mutation: Your mind is acute. (Int +4, Str/Dex -1)
                  | [potion of mutation]
  1363 | D:1      | Gained mutation: Your spells are a little harder to cast,
                  | but a little more powerful. [potion of mutation]
  1364 | D:1      | Slain by a goblin

Illustrated notes

Levels and vault maps discovered:
D:1:      tarquinn_simple_flora_water_f, layout_loops_corners,
          minmay_misc_feat_alley, lexackson_kobold_supper
D:2:      layout_rooms, grunt_decor_mini_mirrors, minmay_misc_feat_plants,
          uniq_robin

Skill      XL: |  1  2  3 |
---------------+----------+-----
Spellcasting   | 4 |  4.1
Dodging        | |  2.1
Stealth        | |  1.5

Action                     || total
---------------------------++-------
  Melee: Unarmed           ||     5
   Cast: Magic Dart        ||    68
         Searing Ray       ||     7
    Use: Potion            ||     2
 Armour: Robe              ||     5
  Dodge: Dodged            ||    20

Table legend: (Time is in decaauts)
 A = Elapsed time spent in this place.
 B = Non-inter-level travel time spent in this place.
 C = Inter-level travel time spent in this place.
 D = Time resting spent in this place.
 E = Time spent auto-exploring this place.
 F = Levels seen in this place.
 G = Mean time per level.
                   A        B        C        D        E       F      G
               +--------+--------+--------+--------+--------+-----+--------+
         Total |   1364 |   1342 |     22 |      0 |   1208 |   2 |  682.0 |
       Dungeon |   1364 |   1342 |     22 |      0 |   1208 |   2 |  682.0 |
               +--------+--------+--------+--------+--------+-----+--------+

Top non-repeatable levels by time:
     D:1: 1358 daAuts
     D:2: 5 daAuts
